 Dungeon Crawl Stone Soup version 0.26-a0-252-gb32a1a6195 (webtiles) character file.

Game seed: 15113815391403895135

147 BritishOli the Ducker (level 5, -3/40 HPs)
             Began as a Demonspawn Gladiator on July 9, 2020.
             Killed by nerve-wracking pain
             ... invoked by an orc priest
              (5 damage)
             ... on level 4 of the Dungeon.
             The game lasted 00:04:34 (2385 turns).

BritishOli the Ducker (Demonspawn Gladiator)        Turns: 2385, Time: 00:04:35

Health: -3/40      AC: 10    Str: 16    XL:     5   Next: 7%
Magic:  5/5        EV: 13    Int:  9    God:
Gold:   80         SH:  0    Dex: 14    Spells: 4/4 levels left

rFire    . . .     SeeInvis .   a - +0 long sword
rCold    + . .     Faith    .   (no shield)
rNeg     . . .     Spirit   .   b - +0 leather armour
rPois    .         Reflect  .   c - +0 helmet
rElec    .         Harm     .   (no cloak)
rCorr    .                      (no gloves)
MR       .....                  (no boots)
Stlth    ..........             (no amulet)
HPRegen  0.13/turn              q - ring of attention (curse)
MPRegen  0.09/turn              (no ring)

@: sanguine armour
A: cold resistance 1, sanguine armour 1
a: no special abilities


You were on level 4 of the Dungeon.
You were not hungry.

You visited 1 branch of the dungeon, and saw 4 of its levels.

You collected 80 gold pieces.

Inventory:

Hand Weapons
 a - a +0 long sword (weapon)
Missiles
 d - 4 throwing nets (quivered)
Armour
 b - a +0 leather armour (worn)
 c - a +0 helmet (worn)
Jewellery
 q - a cursed ring of attention (left hand)
Scrolls
 e - a scroll of teleportation {unknown}
 g - 2 scrolls of immolation {unknown}
 h - 6 scrolls of identify {unknown}
 l - a scroll of random uselessness {unknown}
 m - a scroll of magic mapping {unknown}
 n - a scroll of remove curse {unknown}
 p - a scroll of fog {unknown}
 r - a scroll of amnesia {unknown}
Potions
 i - a potion of brilliance {unknown}
 j - a potion of mutation {unknown}
 k - a potion of resistance {unknown}
 o - a potion of curing {unknown}
Comestibles
 f - 12 rations


   Skills:
 + Level 2.8 Fighting
 + Level 3.3 Long Blades
 + Level 2.6 Throwing
 + Level 1.7 Armour
 + Level 3.3 Dodging


You had 4 spell levels left.
You didn't know any spells.
Your spell library was empty.

Dungeon Overview and Level Annotations

Branches:
Dungeon (4/15)
 Temple: D:4-7

Altars:
Fedhas


Innate Abilities, Weirdness & Mutations

Your flesh is cold resistant. (rC+)
When seriously injured, your bleeding wounds create armour. (AC +6)


Message History

* * * LOW HITPOINT WARNING * * *
You barely miss the orc priest.
The orc priest is moderately wounded.
The orc priest hits you but does no damage.
You hit the orc priest but do no damage.
The orc priest is moderately wounded.
The orc priest hits you with a +0 mace.
* * * LOW HITPOINT WARNING * * *
You hit the orc priest but do no damage.
The orc priest is moderately wounded.
The orc priest hits you but does no damage.
You hit the orc priest.
The orc priest is heavily wounded.
The orc priest hits you with a +0 mace.
* * * LOW HITPOINT WARNING * * *
You hit the orc priest.
The orc priest is heavily wounded.
The orc priest mumbles some strange prayers to Beogh against you.
Pain shoots through your body!
You die...

#+# ###.## ####....
..##^#.##
#.##....####
#.##...<...#.#
#.##...........
#)##.#.....#.##
#.#.##@##)†.......#
#....o.)........###
#################


You could see an orc priest.

Vanquished Creatures
  A howler monkey (D:4)
  An orc wizard (D:3)
  A white imp (D:3)
  A dart slug (D:1)
  8 orcs
  9 bats
  3 giant cockroaches
  8 goblins
  7 hobgoblins
  6 jackals (D:1)
  A quokka (D:3)
  2 frilled lizards
  6 kobolds
  7 rats
61 creatures vanquished.

Notes
Turn   | Place    | Note
-------+----------+-------------------------------------------
     0 | D:1      | BritishOli the Demonspawn Gladiator began the quest for the
                  | Orb.
     0 | D:1      | Reached XP level 1. HP: 16/16 MP: 1/1
   148 | D:1      | Gained mutation: When seriously injured, your bleeding
                  | wounds create armour. (AC +6) [demonic ancestry]
   148 | D:1      | Reached XP level 2. HP: 22/22 MP: 2/2
   552 | D:1      | Reached XP level 3. HP: 20/28 MP: 3/3
   735 | D:1      | Reached skill level 1 in Armour
  1517 | D:3      | Found a blossoming altar of Fedhas.
  1760 | D:3      | Gained mutation: Your flesh is cold resistant. (rC+)
                  | [demonic ancestry]
  1760 | D:3      | Reached XP level 4. HP: 11/34 MP: 4/4
  2354 | D:4      | Reached XP level 5. HP: 28/40 MP: 5/5
  2384 | D:4      | HP: 2/40 [orc priest/+0 mace (1)]
  2385 | D:4      | Killed from afar by an orc priest

Illustrated notes

Levels and vault maps discovered:
D:1:      minmay_arrival_glassed_features, layout_rooms
D:2:      layout_loops_cross, first_ration
D:3:      layout_rooms, fedhas_altar_fruit_tree
D:4:      layout_loops_corners

Skill      XL: |  1  2  3 |
---------------+----------+-----
Throwing       | 2 |  2.6
Long Blades    | 3 |  3.3
Armour         | 1 |  1.7
Dodging        | 3 |  3.3
Fighting       | |  2.8

Action                   |  1- 3 |  4- 6 || total
-------------------------+-------+-------++-------
Melee: Long sword        |   142 |    50 ||   192
 Stab: Sleeping          |     1 |       ||     1
  Eat: Ration            |     1 |     1 ||     2
Armor: Leather armour    |    68 |     7 ||    75
Dodge: Dodged            |   143 |    26 ||   169
       Rpst.: Long sword |    45 |     8 ||    53

Table legend:
 A = Non-vault XP
 B = Vault XP
 C = Vault XP percentage of total XP
 D = Non-vault monster count
 E = Vault monster count
 F = Vault count percentage of total count
                 A         B        C        D         E       F
            +---------+---------+-------+---------+---------+-------
      Total |     210 |       0 |   0.0 |      61 |       0 |   0.0
            +---------+---------+-------+---------+---------+-------
        D:1 |      47 |       0 |   0.0 |      26 |       0 |   0.0
        D:2 |      16 |       0 |   0.0 |      12 |       0 |   0.0
        D:3 |      81 |       0 |   0.0 |      18 |       0 |   0.0
        D:4 |      66 |       0 |   0.0 |       5 |       0 |   0.0
            +---------+---------+-------+---------+---------+-------
